 Dungeon Crawl Stone Soup version 0.21.1-1-g345015f (webtiles) character file.

8815 Kagorn the Fighter (level 11, -3/72 HPs)
             Began as a Gargoyle Berserker on June 11, 2018.
             Was a Priest of Trog.
             Slain by a komodo dragon (22 damage)
             ... on level 10 of the Dungeon.
             The game lasted 01:41:52 (12355 turns).

Kagorn the Fighter (Gargoyle Berserker)            Turns: 12355, Time: 01:41:53

Health: -3/72      AC: 19    Str: 26      XL:     11   Next: 36%
Magic:  11/11      EV:  7    Int:  7      God:    Trog [***...]
Gold:   509        SH: 18    Dex: 11 (12) Spells: 10/10 levels left

rFire    . . .     SeeInvis .   I - +4 falchion (vamp)
rCold    . . .     Gourm    .   q - +2 large shield
rNeg     + . .     Faith    .   F - +0 plate armour
rPois    ∞         Spirit   .   (helmet restricted)
rElec    +         Reflect  .   Y - +0 cloak
rCorr    .         Harm     .   u - +0 pair of gloves
MR       ++...                  (no boots)
Stlth    ..........             h - amulet of regeneration
HPRegen  1.62/turn              V - +3 ring of strength
MPRegen  0.12/turn              M - +3 ring of strength

@: corroded, regenerating
A: horns 1, repulsion field 1, dopey 1, negative energy resistance 1,
electricity resistance, wild magic 1, unbreathing, petrification resistance, rot
immunity, AC +8
a: Berserk, Trog's Hand, Burn Spellbooks, Renounce Religion


You were on level 10 of the Dungeon.
You worshipped Trog.
Trog was most pleased with you.
You were not hungry.

You visited 1 branch of the dungeon, and saw 10 of its levels.

You collected 551 gold pieces.
You spent 42 gold pieces at shops.

Inventory:

Hand Weapons
 d - the +5 hand axe "Dyrhyac" {pain, +Fly rN+, unknown}
   (You took it off an orc on level 10 of the Dungeon)

   In the hands of one skilled in necromantic magic, it inflicts extra damage on
   living creatures.
   It protects you from negative energy.
   It lets you fly.
 m - a +0 dagger of speed
 n - a +0 mace of crushing
 o - a +0 dagger of venom
 p - a +2 spear
 v - a +3 dire flail
 x - a +3 falchion
 B - a +0 war axe
 I - a +4 vampiric falchion (weapon)
 K - a cursed +3 short sword
 L - a cursed +2 hand axe
 O - a +1 short sword of venom
 Q - a +2 dagger of freezing
 R - a +1 war axe of venom
Missiles
 A - 5 javelins (quivered)
Armour
 q - a +2 large shield (worn)
 t - a +0 helmet
 u - a +0 pair of gloves (worn)
 F - a +0 plate armour (worn)
 Y - a +0 cloak (worn)
Jewellery
 a - an uncursed ring of flight
 b - an uncursed ring of resist corrosion
 h - an amulet of regeneration (around neck)
 k - an uncursed ring of ice
 G - an uncursed ring of positive energy
 M - a +3 ring of strength (right hand)
 V - a +3 ring of strength (left hand)
Wands
 j - a wand of scattershot (9)
 r - a wand of enslavement (9)
 N - a wand of polymorph (13)
 U - a wand of clouds (4)
Scrolls
 e - 5 scrolls of teleportation
 g - 3 scrolls of enchant armour
 w - 2 scrolls of magic mapping
 S - 2 scrolls of fear
 T - a scroll of fog
Potions
 f - a potion of flight
 l - a potion of haste
 s - a potion of cancellation {unknown}
 W - a potion of brilliance
Comestibles
 c - 10 rations


   Skills:
 * Level 10.0 Fighting
 * Level 1.6 Long Blades
 - Level 5.5(6.7) Axes
 - Level 6.4(7.5) Maces & Flails
 + Level 6.9 Armour
 + Level 5.2 Dodging
 * Level 8.1 Stealth
 + Level 6.3 Shields


You had 10 spell levels left.
You didn't know any spells.

Dungeon Overview and Level Annotations

Branches:
Dungeon (10/15)            Temple (0/1) D:4
   Lair: D:8-11         Orc: D:9-12

Altars:
Cheibriados
Fedhas
Hepliaklqana
Kikubaaqudgha
Nemelex Xobeh
Okawaru
Ru
Trog
Uskayaw
Vehumet
Wu Jian
Yredelemnul
Zin
The Shining One
Beogh

Shops:
D:10 *:%


Innate Abilities, Weirdness & Mutations

You are resistant to torment.
Your stone body is resilient. (AC +8)
You are immune to poison.
You resist negative energy. (rN+)
You are resistant to electric shocks. (rElec)
You can survive without breathing.
You are immune to petrification.
You are immune to rotting.
You have a pair of small horns on your head.
You are surrounded by a mild repulsion field. (EV +2)
You are dopey. (Int -2)
Your spells are a little harder to cast, but a little more powerful.


Message History

You feel somewhat more hungry.
The komodo dragon bites you but does no damage.
The jelly barely misses you. The orc hits you but does no damage.
You hit the komodo dragon but do no damage.
You headbutt the komodo dragon.
The komodo dragon is almost dead.
The komodo dragon bites you!! You block the jelly's attack.
You block the orc's attack.
The orc shouts!
You hit the komodo dragon.
You feel better.
The komodo dragon is almost dead.
You block the komodo dragon's attack. You block the jelly's attack.
The orc hits you but does no damage. The komodo dragon bites you!
* * * LOW HITPOINT WARNING * * *
The orc hits you but does no damage. The jelly hits you but does no damage.
You slash the jelly!
You feel better. The acid corrodes you!
Your hands burn!
* * * LOW HITPOINT WARNING * * *
The jelly is moderately wounded.
The komodo dragon bites you!!
You die...
PP......'...........'..
P.......#####....####.. ....#...## #....# #.. .. #.o).# ###### #.. ###.O#.# #.. #..oo#oo.oO# ### ####l#Ooooo# ##### #l#oooo.#

...).##@#oooo.#
####.(Jo#oo...#
......oo#######
#.#.........# #######
#..##'##########......
#.. #>.........'......
#. #.##########......
.. #.# #....###......
## #.# #.............


You could see 2 komodo dragons, an ogre, a jelly and 6 orcs.

Vanquished Creatures
  An unseen horror (D:10)
  Pikel (D:5)
  The ghost of doot the Sneak, a novice NaWr of Nemelex Xobeh (D:5)
  Maurice (D:9)
  A hippogriff (D:8)
  Prince Ribbit (D:5)
  Sigmund (D:6)
  6 yaks (D:9)
  A wraith (D:10)
  A spriggan (D:9)
  A hornet zombie (D:7)
  A black bear (D:6)
  4 ice beasts
  11 orc warriors
  A sky beast (D:9)
  7 ogres
  An eye of draining (D:7)
  4 phantoms
  4 centaurs
  2 bullfrogs (D:7)
  A wyvern zombie (D:10)
  A water moccasin zombie (D:10)
  4 jellies
  3 killer bees (D:7)
  10 wights
  4 crimson imps
  A bullfrog zombie (D:6)
  Crazy Yiuf (D:7)
  6 orc priests
  6 hounds
  Ijyb (D:5)
  2 centaur skeletons
  4 iguanas
  8 orc wizards
  7 worker ants
  A hound skeleton (D:9)
  A mummy (D:5)
  3 worker ant zombies
  11 adders
  10 gnolls
  7 river rats (D:5)
  2 shadow imps
  3 oozes
  2 adder skeletons (D:4)
  3 worms
  A dart slug (D:1)
  2 leopard geckos
  42 orcs
  3 bats
  4 giant cockroaches
  7 goblins
  13 hobgoblins
  12 jackals
  A quokka (D:10)
  4 frilled lizards
  A jackal skeleton (D:6)
  7 kobolds
  A leopard gecko zombie (D:6)
  24 rats
  4 withered plants (D:6)
279 creatures vanquished.

Vanquished Creatures (others)
  2 slaves (D:5)
  A bullfrog zombie (D:5)
  16 plants (D:10)
19 creatures vanquished.

Grand Total: 298 creatures vanquished

Notes
Turn   | Place    | Note
-------+----------+-------------------------------------------
     0 | D:1      | Kagorn the Gargoyle Berserker began the quest for the Orb.
     0 | D:1      | Reached XP level 1. HP: 14/14 MP: 1/1
   126 | D:1      | Reached XP level 2. HP: 16/19 MP: 2/2
   411 | D:1      | Reached XP level 3. HP: 14/24 MP: 3/3
   824 | D:1      | Reached ** piety under Trog
  1014 | D:2      | Reached skill level 1 in Stealth
  1077 | D:2      | Reached skill level 4 in Fighting
  1077 | D:2      | Reached XP level 4. HP: 20/29 MP: 4/4
  1478 | D:2      | Found a bloodstained altar of Trog.
  1784 | D:3      | Found a blossoming altar of Fedhas.
  2059 | D:3      | Found a hazy altar of Hepliaklqana.
  2246 | D:3      | HP: 1/29 [gnoll/spear (3)]
  2385 | D:3      | Reached XP level 5. HP: 23/33 MP: 5/5
  2700 | D:4      | Reached skill level 1 in Shields
  2843 | D:4      | Reached XP level 6. HP: 38/39 MP: 6/6
  2974 | D:4      | Found an iron altar of Okawaru.
  3082 | D:4      | Reached skill level 5 in Fighting
  3254 | D:4      | Found a staircase to the Ecumenical Temple.
  3273 | D:4      | Found a hide-covered altar of Uskayaw.
  3311 | D:4      | Noticed a dagger
  3311 | D:4      | Noticed a dagger
  3454 | D:4      | Reached *** piety under Trog
  3610 | D:5      | Entered Level 5 of the Dungeon
  3618 | D:5      | Noticed a phantom
  3660 | D:5      | Killed a phantom
  3660 | D:5      | Reached XP level 7. HP: 37/44 MP: 7/7
  3807 | D:5      | Found a snail-covered altar of Cheibriados.
  3840 | D:5      | Found a basalt altar of Yredelemnul.
  3841 | D:5      | Noticed Prince Ribbit
  3843 | D:5      | Noticed a profane servitor
  3851 | D:5      | Killed Prince Ribbit
  3851 | D:5      | Reached skill level 5 in Maces & Flails
  3868 | D:5      | Found a glowing golden altar of the Shining One.
  3870 | D:5      | Noticed an angel
  4003 | D:5      | Found a hazy altar of Hepliaklqana.
  4084 | D:5      | Found a sacrificial altar of Ru.
  4147 | D:5      | Noticed Pikel
  4153 | D:5      | Noticed doot's ghost (novice NaWr)
  4227 | D:5      | Killed Pikel
  4227 | D:5      | Reached skill level 6 in Fighting
  4227 | D:5      | Reached XP level 8. HP: 34/51 MP: 8/8
  5008 | D:5      | Killed doot's ghost
  5166 | D:5      | Reached XP level 9. HP: 48/56 MP: 9/9
  5179 | D:5      | Reached skill level 7 in Fighting
  5286 | D:5      | Noticed Ijyb
  5330 | D:5      | Killed Ijyb
  5506 | D:6      | Found an ancient bone altar of Kikubaaqudgha.
  5506 | D:6      | Noticed Sigmund
  5530 | D:6      | Killed Sigmund
  5530 | D:6      | Reached skill level 1 in Axes
  5552 | D:6      | Reached skill level 5 in Armour
  5876 | D:6      | Reached skill level 5 in Stealth
  5979 | D:6      | Reached skill level 8 in Fighting
  6372 | D:7      | Reached **** piety under Trog
  6445 | D:7      | Reached XP level 10. HP: 42/64 MP: 10/10
  6451 | D:7      | Reached skill level 5 in Shields
  6552 | D:7      | Found a runed door.
  6556 | D:7      | Noticed Crazy Yiuf
  6560 | D:7      | Killed Crazy Yiuf
  7279 | D:7      | Found an ornate altar of the Wu Jian Council.
  7425 | D:8      | Found a radiant altar of Vehumet.
  8502 | D:9      | Reached skill level 9 in Fighting
  9257 | D:9      | Noticed Maurice
  9671 | D:9      | Reached skill level 5 in Axes
  9877 | D:9      | Noticed an angel
  9878 | D:9      | Found a glowing silver altar of Zin.
  9971 | D:9      | Reached XP level 11. HP: 65/71 MP: 11/11
 10007 | D:9      | Reached skill level 5 in Dodging
 10517 | D:9      | Killed Maurice
 10612 | D:10     | Entered Level 10 of the Dungeon
 10612 | D:10     | Found a sparkling altar of Nemelex Xobeh.
 10645 | D:10     | Found Cudin's Food Boutique.
 10770 | D:10     | Found Figok's Book Boutique.
 11148 | D:10     | Found a roughly hewn altar of Beogh.
 11413 | D:10     | Reached skill level 1 in Long Blades
 11933 | D:10     | Got a brightly glowing hand axe {pain}
 12020 | D:10     | Found Kealotoc's General Store.
 12059 | D:10     | Bought a scroll of remove curse for 42 gold pieces
 12154 | D:10     | Killed an unseen horror
 12154 | D:10     | Reached skill level 10 in Fighting
 12199 | D:10     | Gained mutation: You are dopey. (Int -2) [potion of mutation]
 12199 | D:10     | Gained mutation: Your spells are a little harder to cast, but a little more powerful. [potion of mutation]
 12199 | D:10     | Gained mutation: You are surrounded by a mild repulsion field. (EV +2) [potion of mutation]
 12199 | D:10     | Gained mutation: You have a pair of small horns on your head. [potion of mutation]
 12355 | D:10     | Slain by a komodo dragon

Skill      XL: |  1  2  3  4  5  6  7  8  9 10 11 |
---------------+----------------------------------+-----
Stealth        | 1 2 3 4 5 7 8 |  8.1
Fighting       | 4 5 6 8 9 10 | 10.0
Dodging        | 2 3 4 5 |  5.2
Maces & Flails | 4 5 6 |  6.4
Shields        | 1 2 3 4 5 6 |  6.3
Armour         | 3 4 5 6 |  6.9
Axes           | 3 5 |  5.5
Long Blades    | 1 |  1.6

Action                   |  1- 3 |  4- 6 |  7- 9 | 10-12 || total
-------------------------+-------+-------+-------+-------++-------
Melee: Mace              |   108 |   239 |   330 |       ||   677
       War axe           |       |       |   255 |   175 ||   430
       Falchion          |       |       |       |   996 ||   996
       Headbutt          |       |       |       |    15 ||    15
Invok: Trog's Hand       |       |     2 |     3 |    17 ||    22
       Berserk           |       |     1 |     2 |     1 ||     4
       Burn Spellbooks   |       |       |       |     1 ||     1
  Use: Scroll            |       |    10 |     2 |     8 ||    20
       Potion            |       |       |       |    11 ||    11
 Stab: Sleeping          |       |     1 |       |       ||     1
       Invisible         |       |       |       |     3 ||     3
  Eat: Chunk             |     1 |     1 |     1 |     1 ||     4
       Ration            |       |     3 |     4 |     8 ||    15
Armor: Animal skin       |    48 |    16 |       |       ||    64
       Scale mail        |       |   103 |     2 |       ||   105
       Chain mail        |       |       |   257 |    63 ||   320
       Plate armour      |       |       |       |   928 ||   928
       Skin              |       |       |       |    26 ||    26
Dodge: Dodged            |    83 |    83 |    72 |   158 ||   396
Block: Shield            |     8 |    94 |       |       ||   102
       Large shield      |       |    53 |   479 |  1205 ||  1737
       Rpst.: Falchion   |       |       |       |    32 ||    32
